 Dungeon Crawl Stone Soup version 0.28-a0-948-gee6e0bcda6 (webtiles) character file.

Game seed: 13464140596975194603

112000 Ijustatesigmund the Prestidigitator (level 16, -23/187 HPs)
             Began as a Gnoll Artificer on Nov 30, 2021.
             Was the Champion of Okawaru.
             Annihilated by a bunyip (36 damage)
             ... called by a spriggan druid
             ... on level 1 of the Swamp.
             The game lasted 01:17:42 (35811 turns).

Ijustatesigmund the Prestidigitator (GnAr)         Turns: 35811, Time: 01:17:43

Health: -23/187    AC: 39    Str: 25    XL:     16   Next: 59%
Magic:  31/31      EV: 14    Int: 12    God:    Okawaru [******]
Gold:   2020       SH: 12    Dex: 21    Spells: 37/37 levels left

rFire   + . .      SeeInvis .   Y - +8 flail "Kuerionk" {vamp, Fly rC+ Int-3}
rCold   + + .      Faith    .   g - +3 warlock's mirror {reflect}
rNeg    . . .      Spirit   .   K - +2 gold dragon scales
rPois   +          Reflect  +   o - +1 helmet
rElec   .          Harm     .   f - +2 cloak of Pandemonium {-Cast Str+8 Slay+3}
rCorr   .          Rampage  .   P - +1 pair of gloves
Will    +....      NoCast   +   V - +1 pair of boots
Stlth   ..........              v - amulet of regeneration
HPRegen 1.21/turn               L - +4 ring of protection
MPRegen 0.22/turn               D - ring "Mooh" {Wiz Str+6 Dex+5}

@: berserking, heroic, flying, very quick
A: fangs 1, strong nose, distributed training
a: Renounce Religion, Heroism, Finesse, Duel


You were on level 1 of the Swamp.
You worshipped Okawaru.
Okawaru was exalted by your worship.
You visited 4 branches of the dungeon, and saw 24 of its levels.
You also visited: Bailey and Ice Cave.

You collected 3109 gold pieces.
You spent 1089 gold pieces at shops.

Inventory:

Hand Weapons
 a - a +6 long sword
 q - the +9 flail of the Shore {antimagic, rN+ Str-2 Dex+3}
   (You bought it in a shop on level 2 of the Orcish Mines)

   It reduces the magical energy of the wielder, and disrupts the spells and
   magical abilities of those it strikes.
   Natural abilities and divine invocations are not affected.
   Str:       It affects your strength (-2).
   Dex:       It affects your dexterity (+3).
   rN:        It protects you from negative energy.
 Y - the +8 flail "Kuerionk" (weapon) {vamp, Fly rC+ Int-3}
   (You found it on level 5 of the Lair of Beasts)

   It occasionally heals its wielder for a portion of the damage dealt when it
   wounds a living foe.
   Int:       It affects your intelligence (-3).
   rC:        It protects you from cold.
   Fly:       It grants you flight.
Missiles
 m - a throwing net
 p - 7 datura-tipped darts
Armour
 f - the +2 cloak of Pandemonium (worn) {-Cast Str+8 Slay+3}
   (You acquired it on level 1 of the Dungeon)

   Str:       It affects your strength (+8).
   Slay:      It affects your accuracy & damage with ranged weapons and melee
   (+3).
   -Cast:     It prevents spellcasting.
 g - the +3 warlock's mirror (worn) {reflect}
   (You acquired it on level 2 of the Lair of Beasts)

   It can block and reflect piercing ranged attacks and magical attacks against
   the wielder's willpower.
 h - a +2 kite shield of reflection
 o - a +1 helmet (worn)
 K - +2 gold dragon scales (worn)
 P - a +1 pair of gloves (worn)
 S - a +1 kite shield of fire resistance
 V - a +1 pair of boots (worn)
Jewellery
 i - a ring of protection from fire
 s - an amulet of the acrobat
 v - an amulet of regeneration (around neck)
 D - the ring "Mooh" (right hand) {Wiz Str+6 Dex+5}
   (You acquired it on level 12 of the Dungeon)

   [ring of wizardry]

   It improves your spell success rate.
   Str:       It affects your strength (+6).
   Dex:       It affects your dexterity (+5).
 L - a +4 ring of protection (left hand)
 M - a ring of protection from fire
 N - a ring of ice
 T - a ring of poison resistance
Wands
 c - a wand of flame (41) (quivered)
 d - a wand of charming (20)
 j - a wand of iceblast (4)
 C - a wand of polymorph (14)
 R - a wand of mindburst (32)
Scrolls
 b - 2 scrolls of teleportation
 k - 4 scrolls of immolation
 l - 5 scrolls of amnesia
 r - 2 scrolls of fear
 w - 3 scrolls of enchant weapon
 y - 3 scrolls of identify
 A - a scroll of silence
 E - a scroll of blinking
 G - 3 scrolls of magic mapping
 I - 4 scrolls of fog
Potions
 n - a potion of heal wounds
 t - 4 potions of mutation
 u - a potion of cancellation
 x - 2 potions of lignification
 B - 3 potions of attraction
 F - a potion of flight
 H - 4 potions of haste
 J - a potion of invisibility
 O - 4 potions of might
 Q - 4 potions of resistance
 U - 4 potions of brilliance
 W - 5 potions of curing
Miscellaneous
 e - a piece from Xom's chessboard (15/15)
 z - a tin of tremorstones (2/2)


   Skills:
 + Level 11.3(16.3) Fighting
 + Level 11.0(16.0) Short Blades
 + Level 11.0(16.0) Long Blades
 + Level 11.0(16.0) Axes
 + Level 11.0(16.0) Maces & Flails
 + Level 11.0(16.0) Polearms
 + Level 11.0(16.0) Staves
 + Level 11.0(16.0) Slings
 + Level 11.0(16.0) Bows
 + Level 11.0(16.0) Crossbows
 + Level 11.0(16.0) Throwing
 + Level 11.9(16.9) Armour
 + Level 11.3(16.3) Dodging
 + Level 11.3(16.3) Stealth
 + Level 11.0(16.0) Shields
 + Level 11.0(16.0) Unarmed Combat
 + Level 11.0 Spellcasting
 + Level 9.3 Conjurations
 + Level 9.3 Hexes
 + Level 9.3 Summonings
 + Level 9.3 Necromancy
 + Level 9.3 Translocations
 + Level 9.3 Transmutations
 + Level 9.3 Fire Magic
 + Level 9.3 Ice Magic
 + Level 9.3 Air Magic
 + Level 9.3 Earth Magic
 + Level 9.3 Poison Magic
 + Level 12.0 Invocations
 + Level 12.7 Evocations


You had 37 spell levels left.
You didn't know any spells.
Your spell library contained the following spells:

 Spells                   Type           Power      Damage    Failure   Level
 Magic Dart               Conj           100%       1d8       1%          1
 Slow                     Hex            100%       N/A       1%          1
 Sting                    Tmut/Pois      100%       1d8       1%          1
 Blink                    Tloc           56%        N/A       3%          2
 Ensorcelled Hibernation  Hex/Ice        56%        N/A       3%          2
 Poisonous Vapours        Pois/Air       56%        N/A       3%          2
 Scorch                   Fire           56%        2d8       3%          2
 Searing Ray              Conj           56%        2d6       3%          2
 Static Discharge         Conj/Air       28%        N/A       3%          2
 Confusing Touch          Hex            28%        N/A       6%          3
 Mephitic Cloud           Conj/Pois/Air  28%        N/A       6%          3
 Ozocubu's Armour         Ice            28%        N/A       6%          3
 Spider Form              Tmut/Pois      28%        N/A       6%          3
 Vampiric Draining        Necr           28%        2d8       6%          3
 Flame Wave               Conj/Fire      28%        2d6       21%         4
 Fulminant Prism          Conj/Hex       14%        3d9       21%         4
 Hailstorm                Conj/Ice       28%        3d8       21%         4
 Ice Form                 Ice/Tmut       28%        N/A       21%         4
 Olgreb's Toxic Radiance  Pois           28%        N/A       21%         4
 Blade Hands              Tmut           14%        N/A       45%         5
 Lightning Bolt           Conj/Air       14%        1d27      45%         5
 Manifold Assault         Tloc           28%        N/A       45%         5
 Metabolic Englaciation   Hex/Ice        14%        N/A       45%         5
 Iron Shot                Conj/Erth      14%        9d4       95%         6
 Storm Form               Tmut/Air       14%        N/A       100%        7
 Maxwell's Capacitive Co  Air            14%        ∞         100%        8
 Call Imp                 Summ           Unusable   N/A       N/A         2
 Animate Armour           Summ/Erth      Unusable   N/A       N/A         4
 Simulacrum               Ice/Necr       Unusable   N/A       N/A         6
 Summon Cactus Giant      Summ           Unusable   N/A       N/A         6

Dungeon Overview and Level Annotations

Branches:
Dungeon (15/15)            Temple (0/1) D:5            Lair (6/6) D:11
  Swamp (1/4) Lair:3        Snake (0/4) Lair:4        Slime (0/5) Lair:5
    Orc (2/2) D:10            Elf (0/3) Orc:2        Vaults (0/5) D:14
 Depths (0/4) D:15         Bailey (visited)           IceCv (visited)

Altars:
Ashenzari
Cheibriados
Elyvilon
Fedhas
Kikubaaqudgha
Makhleb
Okawaru
Qazlal
Ru
Sif Muna
Trog
Vehumet
Wu Jian
Xom
Yredelemnul
Zin
The Shining One
Jiyva

Shops:
D:7 *   D:9 *   D:13 :   D:15 (   Orc:2 *[!((

Annotations:
D:9 3 runed translucent doors, kwasso's ghost, novice GnWn


Innate Abilities, Weirdness & Mutations

You have very sharp teeth.
Your uncanny sense of smell can sniff out nearby items.
Your experience applies equally to all skills.


Message History

The tyrant leech seems less confused.
The bunyip claws you but does no damage.
The bunyip barely misses you.
The bunyip claws you but does no damage.
You barely miss the tyrant leech.
The tyrant leech is moderately wounded.
The four-headed hydra bites you.
* * * LOW HITPOINT WARNING * * *
You block the four-headed hydra's attack.
The four-headed hydra bites you!
* * * LOW HITPOINT WARNING * * *
The four-headed hydra bites you.
* * * LOW HITPOINT WARNING * * *
The swamp drake bites you!
* * * LOW HITPOINT WARNING * * *
You bludgeon the tyrant leech!!
The tyrant leech is heavily wounded.
The tyrant leech is engulfed in noxious fumes.
The tyrant leech appears confused.
You block the tyrant leech's attack.
You bludgeon the tyrant leech!!
The tyrant leech is almost dead.
The four-headed hydra barely misses you.
The four-headed hydra bites you!!
* * * LOW HITPOINT WARNING * * *
The four-headed hydra closely misses you. x2
The swamp drake bites you but does no damage.
You catch the helpless tyrant leech completely off-guard!
You hit the tyrant leech. Your bite misses the tyrant leech.
The tyrant leech is almost dead.
You bludgeon the four-headed hydra!!
You feel better.
The four-headed hydra is heavily wounded.
You block the four-headed hydra's attack.
The four-headed hydra completely misses you.
The four-headed hydra bites you but does no damage.
You block the four-headed hydra's attack.
You sock the four-headed hydra!
The four-headed hydra is severely wounded.
The swamp drake bites you but does no damage.
The bunyip claws you!!!
You die...

.≈...≈.....≈.≈...≈
...≈..(≈..≈.#...≈.
♣...≈≈≈..≈...§≈..♣
.≈≈.♣≈≈.≈.≈.#.≈..≈
≈..≈≈≈≈♣..≈.#..♣..
≈≈♣≈≈≈≈≈..≈.# .∆
♣≈≈≈≈≈≈≈≈≈..#
♣♣≈≈≈≈≈kx≈.#
..♣≈≈≈♣.@).#
≈≈.≈≈♣.D†≈≈...♣
≈...≈...w≈......
...≈..≈..≈≈.≈.≈≈
§...≈.......§...
...≈≈..≈...≈...
....≈≈≈§♣♣♣....
≈....≈.♣♣ .§.♣


You could see a bunyip (strong), a four-headed hydra (strong), a tyrant leech
(strong, confused) and a swamp drake (strong).

Vanquished Creatures
  Jorgrun (Swamp:1)
  2 dire elephants
  A bunyip (Swamp:1)
  An ettin (Orc:1)
  A shambling mangrove (Swamp:1)
  A great orb of eyes (D:13)
  3 boulder beetles
  The ghost of
  1994 the Tainter, a journeyman TeVM of Gozag (Orc:1)
  2 vault guards (D:14)
  7 hydras
  A death knight (D:13)
  A tengu warrior (D:13)
  4 catoblepae
  An alligator (Swamp:1)
  5 centaur warriors (D:13)
  5 two-headed ogres
  14 death yaks
  4 orc high priests (Orc:2)
  3 skeletal warriors (D:14)
  2 spriggan druids (Swamp:1)
  Pikel (D:4)
  A wizard (D:15)
  6 orc knights
  2 deep elf pyromancers
  6 orc sorcerers
  3 manticores
  14 ugly things
  8 cyclopes
  A salamander (D:15)
  21 elephants (Lair:3)
  An ice statue (IceCv)
  5 black mambas
  4 gargoyles
  5 torpor snails (Lair:2)
  15 cane toads
  A kobold demonologist (D:13)
  An unseen horror (D:11)
  3 efreet
  Psyche (D:8)
  12 komodo dragons
  2 rime drakes (IceCv)
  4 tengu conjurers
  7 polar bears
  9 trolls
  5 hornets
  Grinder (D:3)
  14 blink frogs
  22 slime creatures
  A tyrant leech (Swamp:1)
  A wandering mushroom (Lair:4)
  2 shadows
  4 water elementals (D:14)
  4 wyverns
  4 spriggans
  60 yaks
  A vampire (D:11)
  3 wraiths
  A basilisk (Lair:3)
  9 humans (D:14)
  A steam dragon (D:9)
  8 vampire mosquitoes
  Menkaure (D:6)
  A swamp worm (Swamp:1)
  4 nagas (Lair:4)
  A warg (Orc:1)
  8 water moccasins
  A floating eye (shapeshifter) (D:15)
  4 black bears
  23 orc warriors
  29 wolves
  6 ogres
  A centaur (shapeshifter) (D:15)
  6 centaurs
  2 lemures (D:4)
  2 phantoms (D:10)
  14 bullfrogs
  A gnoll sergeant (D:11)
  2 scorpions
  A water moccasin zombie (D:6)
  A troll zombie (D:10)
  11 wights
  3 howler monkeys
  A vampire bat (D:3)
  An electric eel (D:14)
  3 hounds
  6 centaur zombies
  11 orc priests
  A gnoll shaman (D:9)
  3 jellies
  Crazy Yiuf (D:4)
  A bullfrog skeleton (D:7)
  2 iguanas
  13 orc wizards
  3 killer bee zombies
  5 ogre zombies (D:10)
  A howler monkey skeleton (D:5)
  A howler monkey zombie (D:10)
  4 adders
  10 gnolls
  A shadow imp (D:6)
  14 white imps
  An adder zombie (D:5)
  A worm (D:3)
  A dart slug (D:2)
  43 orcs
  13 bats
  7 endoplasms
  2 giant cockroaches
  8 goblins
  8 hobgoblins
  5 kobolds
  3 quokkas
  2 ball pythons
  4 frilled lizards
  A hobgoblin skeleton (D:10)
  2 hobgoblin zombies (D:10)
  A jackal skeleton (D:4)
  2 orc skeletons (D:10)
  14 orc zombies (D:10)
  8 rats
664 creatures vanquished.

Vanquished Creatures (others)
  A human (D:14)
  An ice beast (D:5)
  A centaur skeleton (D:5)
  2 orc wizards
  An orc (Orc:2)
  A kobold (Bailey)
  19 fungi
  35 plants
61 creatures vanquished.

Grand Total: 725 creatures vanquished

Notes
Turn   | Place    | Note
-------+----------+-------------------------------------------
     0 | D:1      | Ijustatesigmund the Gnoll Artificer began the quest for the
                  | Orb.
     0 | D:1      | Reached XP level 1. HP: 17/17 MP: 1/1
   196 | D:1      | Reached XP level 2. HP: 23/23 MP: 2/2
   830 | D:1      | Identified a scroll of acquirement
   830 | D:1      | Acquired the +2 cloak of Pandemonium {-Cast Str+8 Slay+3}
   922 | D:2      | Reached XP level 3. HP: 28/28 MP: 3/3
  1307 | D:2      | Reached skill level 1 in Invocations
  1311 | D:2      | Found a white marble altar of Elyvilon.
  1364 | D:2      | Reached skill level 1 in Short Blades
  1364 | D:2      | Reached skill level 1 in Long Blades
  1364 | D:2      | Reached skill level 1 in Axes
  1364 | D:2      | Reached skill level 1 in Maces & Flails
  1364 | D:2      | Reached skill level 1 in Polearms
  1364 | D:2      | Reached skill level 1 in Staves
  1364 | D:2      | Reached skill level 1 in Slings
  1364 | D:2      | Reached skill level 1 in Bows
  1364 | D:2      | Reached skill level 1 in Crossbows
  1364 | D:2      | Reached skill level 1 in Throwing
  1364 | D:2      | Reached skill level 1 in Shields
  1364 | D:2      | Reached skill level 1 in Unarmed Combat
  1364 | D:2      | Reached skill level 1 in Spellcasting
  1463 | D:3      | Noticed Grinder
  1640 | D:4      | Reached XP level 4. HP: 20/34 MP: 5/5
  1877 | D:4      | Noticed a black bear
  1886 | D:4      | Killed a black bear
  1887 | D:4      | Reached skill level 1 in Conjurations
  1887 | D:4      | Reached skill level 1 in Hexes
  1887 | D:4      | Reached skill level 1 in Summonings
  1887 | D:4      | Reached skill level 1 in Necromancy
  1887 | D:4      | Reached skill level 1 in Translocations
  1887 | D:4      | Reached skill level 1 in Transmutations
  1887 | D:4      | Reached skill level 1 in Fire Magic
  1887 | D:4      | Reached skill level 1 in Ice Magic
  1887 | D:4      | Reached skill level 1 in Air Magic
  1887 | D:4      | Reached skill level 1 in Earth Magic
  1887 | D:4      | Reached skill level 1 in Poison Magic
  1887 | D:4      | Reached XP level 5. HP: 34/41 MP: 5/7
  2131 | D:4      | Found a glowing golden altar of the Shining One.
  2238 | D:4      | Noticed a lemure
  2238 | D:4      | Noticed a lemure
  2252 | D:5      | Entered Level 5 of the Dungeon
  2263 | D:4      | Killed a lemure
  2377 | D:4      | Found a runed translucent door.
  2378 | D:4      | Noticed Crazy Yiuf
  2386 | D:4      | Killed Crazy Yiuf
  2387 | D:4      | Reached XP level 6. HP: 32/47 MP: 0/8
  2665 | D:4      | Noticed Pikel
  3058 | D:4      | Killed Pikel
  3059 | D:4      | Reached skill level 5 in Armour
  3059 | D:4      | Reached XP level 7. HP: 29/53 MP: 8/10
  3255 | D:5      | Found an iron altar of Okawaru.
  3511 | D:5      | Reached XP level 8. HP: 56/60 MP: 12/12
  3861 | D:5      | Found a staircase to the Ecumenical Temple.
  3981 | D:5      | Found a snail-covered altar of Cheibriados.
  4277 | D:5      | Found an ancient bone altar of Kikubaaqudgha.
  5112 | D:6      | Noticed Menkaure
  5114 | D:6      | Killed Menkaure
  5125 | D:6      | Reached XP level 9. HP: 52/66 MP: 14/14
  5735 | D:6      | Found a stormy altar of Qazlal.
  5827 | D:7      | Found Eschueshre's Overcharged Wands.
  6287 | D:7      | Found a flagged portal.
  6310 | Bailey   | Entered a bailey
  6398 | Bailey   | Reached skill level 5 in Fighting
  6398 | Bailey   | Reached skill level 5 in Dodging
  6502 | Bailey   | Identified the +0 trident "Hydrabane" {vorpal, Will++}
  6536 | Bailey   | Noticed an orc knight
  6559 | Bailey   | Killed an orc knight
  6560 | Bailey   | Reached skill level 5 in Stealth
  6560 | Bailey   | Reached skill level 5 in Invocations
  6561 | Bailey   | Found an iron altar of Okawaru.
  6612 | Bailey   | Became a worshipper of Warmaster Okawaru
  7109 | D:3      | Found a faded altar of an unknown god.
  7419 | D:3      | Killed Grinder
  8017 | D:8      | Reached XP level 10. HP: 66/74 MP: 17/17
  8019 | D:8      | Noticed Psyche
  8265 | D:8      | Found a shimmering altar of Xom.
  8574 | D:8      | Paralysed by a hornet for 3 turns
  8582 | D:8      | Reached skill level 5 in Short Blades
  8582 | D:8      | Reached skill level 5 in Long Blades
  8582 | D:8      | Reached skill level 5 in Axes
  8582 | D:8      | Reached skill level 5 in Maces & Flails
  8582 | D:8      | Reached skill level 5 in Polearms
  8582 | D:8      | Reached skill level 5 in Staves
  8582 | D:8      | Reached skill level 5 in Slings
  8582 | D:8      | Reached skill level 5 in Bows
  8582 | D:8      | Reached skill level 5 in Crossbows
  8582 | D:8      | Reached skill level 5 in Throwing
  8582 | D:8      | Reached skill level 5 in Shields
  8582 | D:8      | Reached skill level 5 in Unarmed Combat
  8582 | D:8      | Reached skill level 5 in Spellcasting
  8739 | D:8      | Found a blossoming altar of Fedhas.
  8828 | D:8      | Found a broken altar of Ashenzari.
  8914 | D:8      | Identified the +1 chain mail of the Blind Marksman {Fly
                  | rN+}
  8922 | D:8      | Killed Psyche
  8922 | D:8      | Reached * piety under Okawaru
  9203 | D:8      | Found a glowing silver altar of Zin.
  9597 | D:9      | Found Gitor's Elemental Accessories.
  9607 | D:9      | Bought a wand of iceblast (5) for 126 gold pieces
 10075 | D:9      | Reached ** piety under Okawaru
 10272 | D:9      | Found a runed translucent gate.
 10272 | D:9      | Found a runed translucent gate.
 10274 | D:9      | Found a runed translucent gate.
 10274 | D:9      | Noticed kwasso's ghost (novice GnWn)
 10874 | D:9      | Found a viscous altar of Jiyva.
 10921 | D:10     | Entered Level 10 of the Dungeon
 11111 | D:10     | Found an ornate altar of the Wu Jian Council.
 11133 | D:10     | Paralysed by a hornet for 2 turns
 11407 | D:10     | Found a basalt altar of Yredelemnul.
 11531 | D:10     | Found a sacrificial altar of Ru.
 12098 | D:10     | Reached XP level 11. HP: 31/83 MP: 17/19
 12343 | D:10     | Found a staircase to the Orcish Mines.
 12908 | D:11     | Noticed a cyclops
 12917 | D:11     | Killed a cyclops
 12917 | D:11     | Reached *** piety under Okawaru
 12918 | D:11     | Reached skill level 5 in Conjurations
 12918 | D:11     | Reached skill level 5 in Hexes
 12918 | D:11     | Reached skill level 5 in Summonings
 12918 | D:11     | Reached skill level 5 in Necromancy
 12918 | D:11     | Reached skill level 5 in Translocations
 12918 | D:11     | Reached skill level 5 in Transmutations
 12918 | D:11     | Reached skill level 5 in Fire Magic
 12918 | D:11     | Reached skill level 5 in Ice Magic
 12918 | D:11     | Reached skill level 5 in Air Magic
 12918 | D:11     | Reached skill level 5 in Earth Magic
 12918 | D:11     | Reached skill level 5 in Poison Magic
 13023 | D:11     | Found a staircase to the Lair.
 13224 | D:11     | Found a bloodstained altar of Trog.
 13332 | D:11     | Noticed a cyclops
 13339 | D:11     | You are sucked into a shaft and drop 1 floor!
 13598 | D:12     | Acquired the ring "Mooh" {Wiz Str+6 Dex+5}
 13629 | D:12     | Found a frozen archway.
 13647 | IceCv    | Entered an ice cave
 13950 | IceCv    | Noticed a death yak
 13951 | IceCv    | Noticed a death yak
 13956 | IceCv    | Noticed a frost giant
 13956 | IceCv    | Noticed a death yak
 14157 | IceCv    | HP: 1/83 [frost giant/bolt of cold (21)]
 14439 | IceCv    | Reached **** piety under Okawaru
 14634 | IceCv    | Noticed a death yak
 14634 | IceCv    | Noticed a white ugly thing
 14636 | IceCv    | Noticed a death yak
 14655 | IceCv    | Killed a death yak
 14665 | IceCv    | Killed a white ugly thing
 14676 | IceCv    | Killed a death yak
 14676 | IceCv    | Received a gift from Okawaru
 14934 | IceCv    | Reached ***** piety under Okawaru
 15035 | IceCv    | Noticed a death yak
 15048 | IceCv    | Killed a death yak
 15160 | IceCv    | Noticed a death yak
 15162 | IceCv    | Noticed a death yak
 15171 | IceCv    | Reached XP level 12. HP: 83/91 MP: 14/22
 15181 | IceCv    | Noticed a death yak
 15185 | IceCv    | Killed a death yak
 15857 | D:11     | Noticed a two-headed ogre
 15862 | D:11     | Killed a two-headed ogre
 16123 | D:11     | Noticed a boulder beetle
 16145 | D:11     | Killed a boulder beetle
 16145 | D:11     | Received a gift from Okawaru
 17043 | D:12     | Reached skill level 10 in Evocations
 17971 | D:12     | Noticed a boulder beetle
 17988 | D:12     | Killed a boulder beetle
 18456 | D:13     | Found Duykorer's Book Boutique.
 18502 | D:13     | Noticed a two-headed ogre
 18502 | D:13     | Noticed a centaur warrior
 18502 | D:13     | Noticed a centaur warrior
 18505 | D:13     | Noticed an eight-headed hydra
 18524 | D:13     | Killed a four-headed hydra
 18586 | D:13     | Noticed a centaur warrior
 18597 | D:13     | Killed a centaur warrior
 18849 | D:13     | Noticed a boulder beetle
 18877 | D:13     | Killed a boulder beetle
 18897 | D:13     | Noticed a two-headed ogre
 18903 | D:13     | Killed a two-headed ogre
 18904 | D:13     | Reached XP level 13. HP: 82/99 MP: 24/24
 19402 | Arena    | Entered the Arena
 19477 | D:13     | Received a gift from Okawaru
 19744 | D:13     | Noticed a great orb of eyes
 20559 | Lair:1   | Entered Level 1 of the Lair of Beasts
 22324 | Lair:2   | Identified the +4 whip "Wymuinn" {freeze, Str+2 Int-4 Dex+7
                  | Stlth+}
 22532 | Lair:2   | Acquired the +3 warlock's mirror {reflect}
 22532 | Lair:2   | Found the +3 warlock's mirror {reflect}
 23081 | Lair:2   | Found a snail-covered altar of Cheibriados.
 23160 | Lair:2   | Reached skill level 10 in Armour
 23196 | Lair:2   | Reached XP level 14. HP: 108/108 MP: 26/26
 23277 | Lair:2   | Received a gift from Okawaru
 23749 | Lair:3   | Identified the +10 scimitar of the Vulture {pain, rElec
                  | Stlth+} (Okawaru gifted it to you on level 3 of the Lair of
                  | Beasts)
 23749 | Lair:3   | Received a gift from Okawaru
 24688 | Lair:3   | Reached skill level 10 in Invocations
 24773 | Lair:3   | Found a staircase to the Swamp.
 25803 | Lair:3   | Received a gift from Okawaru
 25814 | Lair:3   | Noticed a dire elephant
 25835 | Lair:3   | Killed a dire elephant
 25961 | Lair:4   | Reached ****** piety under Okawaru
 25990 | Lair:4   | Found a staircase to the Snake Pit.
 27025 | Lair:5   | Reached skill level 10 in Fighting
 27025 | Lair:5   | Reached skill level 10 in Dodging
 27210 | Lair:5   | Found a staircase to the Slime Pits.
 27211 | Lair:5   | Found a viscous altar of Jiyva.
 27281 | Lair:5   | Reached skill level 10 in Stealth
 27338 | Lair:5   | Reached XP level 15. HP: 115/115 MP: 28/28
 27362 | Lair:5   | Identified the +8 flail "Kuerionk" {vamp, Fly rC+ Int-3}
 27821 | Lair:6   | Entered Level 6 of the Lair of Beasts
 28285 | Lair:6   | Received a gift from Okawaru
 29202 | Lair:6   | Reached skill level 10 in Short Blades
 29202 | Lair:6   | Reached skill level 10 in Long Blades
 29202 | Lair:6   | Reached skill level 10 in Axes
 29202 | Lair:6   | Reached skill level 10 in Maces & Flails
 29202 | Lair:6   | Reached skill level 10 in Polearms
 29202 | Lair:6   | Reached skill level 10 in Staves
 29202 | Lair:6   | Reached skill level 10 in Slings
 29202 | Lair:6   | Reached skill level 10 in Bows
 29202 | Lair:6   | Reached skill level 10 in Crossbows
 29202 | Lair:6   | Reached skill level 10 in Throwing
 29202 | Lair:6   | Reached skill level 10 in Shields
 29202 | Lair:6   | Reached skill level 10 in Unarmed Combat
 29202 | Lair:6   | Reached skill level 10 in Spellcasting
 29902 | Lair:6   | Identified the +8 mace of a volcano {vorpal, +Blink Str-4
                  | SInv Stlth+}
 30442 | Orc:1    | Entered Level 1 of the Orcish Mines
 30492 | Orc:1    | Found a runed translucent door.
 30581 | Orc:1    | Noticed 1994's ghost (journeyman TeVM)
 31418 | Orc:1    | Killed 1994's ghost
 31501 | Orc:2    | Entered Level 2 of the Orcish Mines
 31674 | Orc:2    | Found Baathit's Armour Shop.
 32164 | Orc:1    | Received a gift from Okawaru
 32373 | Orc:2    | Found a staircase to the Elven Halls.
 32717 | Orc:2    | Found Qydouwye's General Store.
 32717 | Orc:2    | Found Poisk's Weapon Boutique.
 32728 | Orc:2    | Found Zifuoh's Distillery.
 32728 | Orc:2    | Found Jyluurih's Antique Weapon Boutique.
 32734 | Orc:2    | Bought a potion of haste for 160 gold pieces
 32734 | Orc:2    | Bought a potion of might for 64 gold pieces
 32734 | Orc:2    | Bought a potion of curing for 48 gold pieces
 32734 | Orc:2    | Bought a potion of curing for 48 gold pieces
 32736 | Orc:2    | Bought a potion of might for 48 gold pieces
 32736 | Orc:2    | Bought a potion of heal wounds for 60 gold pieces
 32737 | Orc:2    | Bought a transparent flail for 238 gold pieces
 32737 | Orc:2    | Identified the +9 flail of the Shore {antimagic, rN+ Str-2
                  | Dex+3} (You bought it in a shop on level 2 of the Orcish
                  | Mines)
 33443 | D:13     | Reached XP level 16. HP: 124/124 MP: 30/30
 34064 | D:14     | Found a shimmering blue altar of Sif Muna.
 34381 | D:14     | Received a gift from Okawaru
 34388 | D:14     | Found a gate to the Vaults.
 34390 | D:14     | Identified the +3 great sword of the Magi {pain, Will+
                  | SInv}
 34535 | D:15     | Entered Level 15 of the Dungeon
 34667 | D:15     | Received a gift from Okawaru
 34826 | D:15     | Found a staircase to the Depths.
 34857 | D:15     | Found a radiant altar of Vehumet.
 34934 | D:15     | Found a burning altar of Makhleb.
 35089 | D:15     | Found Nyty's Antique Weapon Emporium.
 35097 | D:15     | Bought an ancient flail for 297 gold pieces
 35097 | D:15     | Identified the +2 flail "Wiraeph" {vorpal, Int+5} (You
                  | bought it in a shop on level 15 of the Dungeon)
 35162 | D:15     | Paralysed by a floating eye for 3 turns
 35591 | Swamp:1  | Entered Level 1 of the Swamp
 35697 | Swamp:1  | Noticed Jorgrun
 35713 | Swamp:1  | Killed Jorgrun
 35808 | Swamp:1  | HP: 4/187 [four-headed hydra[a spriggan druid] (18)]
 35811 | Swamp:1  | Annihilated by a bunyip

Illustrated notes

Levels and vault maps discovered:
D:1:      tarquinn_simple_flora_water_a, layout_rooms
D:2:      layout_rooms, basic_altar, grunt_decor_mini_mirrors
D:3:      layout_basic, basic_ecumenical_altar, roderic_batcave, uniq_grinder
D:4:      layout_loops_cross, mainiacjoe_overflow_brackets,
          uniq_crazy_yiuf_cottage, uniq_pikel
D:5:      layout_loops_ring, lemuel_round_altar, overflow_temple_1_default,
          amcnicky_altar_gilded, minmay_temple_entry_wispy,
          hangedman_glass_teeth
D:6:      layout_loops_corners, nicolae_qazlal_eye_of_the_storm,
          serial_aquarium, aquarium_bridge_square [aquarium_subvault_wall,
          aquarium_subvault_bridge, aquarium_subvault_wall,
          aquarium_subvault_wall], aquarium_window_fake, aquarium_window_3,
          aquarium_view_2c, uniq_menkaure
D:7:      layout_loops_cross, enter_bailey_5, chequers_garden,
          nicolae_shop_overcharged_wands
D:8:      layout_basic, zin_academy, kennysheep_little_box,
          cheibrodos_ashenzari_chains, kennysheep_mini, uniq_psyche
D:9:      layout_basic, gammafunk_ghost_ooze, nicolae_elemental_shop
D:10:     layout_big_octagon, nicolae_ru_awakened_eye, marbit_many_paths,
          nicolae_wu_jian_wuxing_cycle, zombieorc1_lemuel
D:11:     layout_grid_maze, lair_entry_dummy, bloody_trog
D:12:     layout_cave_pods, portal_ice_cave_entry_imps
D:13:     minmay_blocking_statues, layout_basic, serial_shops, shop,
          nicolae_figureground_sparkle
D:14:     layout_basic, ximxim_vaults_locker_room, nicolae_sif_muna_condensation
D:15:     hangedman_depths_entry_try_elsewhere_first, layout_irregular_city,
          nicolae_vehumet_radiance, serial_shops, nicolae_shop_window_shopping,
          bloody_makhleb
Lair:1:   layout_cave_pods
Lair:2:   layout_cave_pods, minivault_24, st_stairs_12, kennysheep_snail_temple
Lair:3:   mu_elephants_graveyard, layout_regular_city, swamp_mist,
          hangedman_lair_unloving_vines, minivault_24
Lair:4:   layout_cave_pods, minmay_snake_entry_guardpost_small,
          grunt_megastairs_1
Lair:5:   layout_cave_pods, slime_altar_1, small_statue_intersection,
          serial_bayou_shore_b, grunt_megastairs_3
Lair:6:   evilmike_catoblepas_cave, layout_cave_shapes, lemuel_fruit_fields
Swamp:1:  layout_falls_marsh, evilmike_swamp_ruin_house_6, swamp_pool1,
          uniq_jorgrun
Orc:1:    layout_diamond_mine, ebering_ghost_inner_flame
Orc:2:    grunt_orc_tribal_feast, layout_diamond_mine, serial_shops,
          nicolae_shop_temple_entry_statues_fountains

Skill      XL: |  1  2  3  4  5  6  7  8  9 10 11 12 13 14 15 16 |
---------------+-------------------------------------------------+-----
Invocations    | 1 2 3 4 5 6 7 8 9 10 11 12 | 12.0
Short Blades   | 1 2 3 4 5 6 7 8 9 10 11 | 11.0
Long Blades    | 1 2 3 4 5 6 7 8 9 10 11 | 11.0
Axes           | 1 2 3 4 5 6 7 8 9 10 11 | 11.0
Maces & Flails | 1 2 3 4 5 6 7 8 9 10 11 | 11.0
Polearms       | 1 2 3 4 5 6 7 8 9 10 11 | 11.0
Staves         | 1 2 3 4 5 6 7 8 9 10 11 | 11.0
Slings         | 1 2 3 4 5 6 7 8 9 10 11 | 11.0
Bows           | 1 2 3 4 5 6 7 8 9 10 11 | 11.0
Crossbows      | 1 2 3 4 5 6 7 8 9 10 11 | 11.0
Throwing       | 1 2 3 4 5 6 7 8 9 10 11 | 11.0
Shields        | 1 2 3 4 5 6 7 8 9 10 11 | 11.0
Unarmed Combat | 1 2 3 4 5 6 7 8 9 10 11 | 11.0
Spellcasting   | 1 2 3 4 5 6 7 8 9 10 11 | 11.0
Fighting       | 3 4 5 6 7 8 9 10 11 | 11.3
Dodging        | 3 4 5 6 7 8 9 10 11 | 11.3
Conjurations   | 1 2 3 4 5 6 7 8 9 |  9.3
Hexes          | 1 2 3 4 5 6 7 8 9 |  9.3
Summonings     | 1 2 3 4 5 6 7 8 9 |  9.3
Necromancy     | 1 2 3 4 5 6 7 8 9 |  9.3
Translocations | 1 2 3 4 5 6 7 8 9 |  9.3
Transmutations | 1 2 3 4 5 6 7 8 9 |  9.3
Fire Magic     | 1 2 3 4 5 6 7 8 9 |  9.3
Ice Magic      | 1 2 3 4 5 6 7 8 9 |  9.3
Air Magic      | 1 2 3 4 5 6 7 8 9 |  9.3
Earth Magic    | 1 2 3 4 5 6 7 8 9 |  9.3
Poison Magic   | 1 2 3 4 5 6 7 8 9 |  9.3
Armour         | 5 6 7 8 9 10 11 | 11.9
Stealth        | 3 4 5 6 7 8 9 10 11 | 11.3
Evocations     | 7 8 9 10 11 12 | 12.7

Action                   |  1- 3 |  4- 6 |  7- 9 | 10-12 | 13-15 | 16-18 || total
-------------------------+-------+-------+-------+-------+-------+-------++-------
Melee: Club              |    14 |       |       |       |       |       ||    14
       War axe           |    64 |       |       |       |       |       ||    64
       Bite              |     7 |     6 |    37 |   140 |   277 |   113 ||   580
       Spear             |    22 |    65 |   196 |       |       |       ||   283
       Punch             |       |       |     3 |    26 |       |       ||    29
       Trident           |       |       |   103 |   224 |       |       ||   327
       Long sword        |       |       |       |   492 |       |       ||   492
       Scimitar          |       |       |       |    37 |   690 |       ||   727
       Flail             |       |       |       |       |   679 |   433 ||  1112
Invok: Heroism           |       |       |       |    11 |    13 |     3 ||    27
       Finesse           |       |       |       |     2 |     1 |       ||     3
       Duel              |       |       |       |       |     1 |       ||     1
Evoke: Wand              |       |    16 |    18 |    20 |    13 |     5 ||    72
       Tin of tremorston |       |       |       |     1 |       |       ||     1
       Piece from Xom's  |       |       |       |       |     1 |       ||     1
  Use: Scroll            |     9 |     2 |     9 |    13 |    15 |     1 ||    49
       Potion            |       |     2 |     3 |    11 |     2 |     2 ||    20
 Stab: Sleeping          |     2 |       |       |       |       |       ||     2
       Invisible         |       |       |     1 |       |       |       ||     1
       Paralysed         |       |       |    19 |       |       |       ||    19
       Confused          |       |       |       |       |       |     3 ||     3
Armor: Leather armour    |    18 |       |       |       |       |       ||    18
       Ring mail         |    28 |    19 |    12 |       |       |       ||    59
       Chain mail        |       |       |   147 |   291 |       |       ||   438
       Plate armour      |       |       |       |   208 |   631 |       ||   839
       Gold dragon scale |       |       |       |       |   212 |   236 ||   448
Dodge: Dodged            |    59 |    35 |   149 |   451 |   646 |   168 ||  1508
Block: Kite shield       |       |       |       |   172 |  1230 |       ||  1402
       Reflection        |       |       |       |       |    10 |     4 ||    14
       Buckler           |       |       |       |       |    26 |   228 ||   254

Table legend: (Time is in decaauts)
 A = Elapsed time spent in this place.
 B = Non-inter-level travel time spent in this place.
 C = Inter-level travel time spent in this place.
 D = Time resting spent in this place.
 E = Time spent auto-exploring this place.
 F = Levels seen in this place.
 G = Mean time per level.
                   A        B        C        D        E       F      G
               +--------+--------+--------+--------+--------+-----+--------+
         Total |  35762 |  33385 |   2377 |  11220 |  16364 |  27 | 1324.5 |
       Dungeon |  22553 |  20787 |   1766 |   7914 |   9763 |  15 | 1503.5 |
          Lair |   8892 |   8377 |    515 |   1674 |   5062 |   6 | 1482.0 |
         Swamp |    199 |    199 |      0 |     26 |     73 |   1 |  199.0 |
  Orcish Mines |   2147 |   2053 |     94 |    132 |   1421 |   2 | 1073.5 |
        Bailey |    416 |    416 |      0 |    258 |      0 |   1 |  416.0 |
      Ice Cave |   1543 |   1543 |      0 |   1215 |     44 |   1 | 1543.0 |
         Arena |     11 |     11 |      0 |      0 |      0 |   1 |   11.0 |
               +--------+--------+--------+--------+--------+-----+--------+

Top non-repeatable levels by time:
    D:11: 3474 daAuts
    D:12: 2363 daAuts
    D:13: 2289 daAuts
  Lair:6: 2264 daAuts
    D:10: 2058 daAuts
     D:4: 1947 daAuts
  Lair:2: 1760 daAuts
  Lair:3: 1676 daAuts
   IceCv: 1543 daAuts
     D:8: 1520 daAuts
     D:9: 1379 daAuts
     D:5: 1294 daAuts
     D:6: 1266 daAuts
   Orc:1: 1243 daAuts
  Lair:1: 1241 daAuts
